 Dungeon Crawl Stone Soup version 0.21.1-1-g345015f (webtiles) character file.

59 xccam the Shield-Bearer (level 4, -2/52 HPs)
             Began as a Formicid Fighter on Mar 28, 2018.
             Killed from afar by Robin (6 damage)
             ... with a wand of flame (10)
             ... on level 2 of the Dungeon.
             The game lasted 00:01:53 (715 turns).

xccam the Shield-Bearer (Formicid Fighter)           Turns: 715, Time: 00:01:53

Health: -2/52      AC: 22    Str: 27    XL:     4   Next: 22%
Magic:  4/4        EV:  2    Int: 12    God:
Gold:   75         SH: 10    Dex: 10    Spells: 3/3 levels left

rFire    . . .     SeeInvis .   a - +0 long sword
rCold    . . .     Gourm    .   c - +0 shield
rNeg     + + +     Faith    .   (armour currently unavailable)
rPois    +         Spirit   .   (helmet unavailable)
rElec    .         Reflect  .   (cloak currently unavailable)
rCorr    .         Harm     .   (gloves currently unavailable)
MR       .....                  (boots currently unavailable)
Stlth    +.........             (no amulet)
HPRegen  0.17/turn              e - +4 ring of evasion
MPRegen  0.09/turn              (no ring)

@: mighty, brilliant, tree-form (expiring)
A: permanent stasis, dig shafts and tunnels, four strong arms
a: no special abilities


You were on level 2 of the Dungeon.
You were not hungry.
You were a tree.
You visited 1 branch of the dungeon, and saw 2 of its levels.

You collected 75 gold pieces.

Inventory:

Hand Weapons
 a - a +0 long sword (weapon)
Armour
 b - a +0 scale mail (melded)
 c - a +0 shield (worn)
Jewellery
 e - a +4 ring of evasion (left branch)
Scrolls
 g - 3 scrolls of identify
 k - a scroll of blinking {unknown}
Comestibles
 f - 5 rations


   Skills:
 - Level 3.2 Fighting
 + Level 3.2 Long Blades
 - Level 3.2 Armour
 + Level 4.8 Shields


You had 3 spell levels left.
You didn't know any spells.

Dungeon Overview and Level Annotations

Branches:
Dungeon (2/15)

Altars:
Yredelemnul
The Shining One

Annotations:
D:2 Robin


Innate Abilities, Weirdness & Mutations

You cannot be hasted, slowed, berserked, paralysed or teleported.
You can dig through walls and to a lower floor.
Your four strong arms can wield two-handed weapons with a shield.
((You have a pair of large antennae on your head. (SInv)))


Message History

It is a scroll of identify.
e - a +4 ring of evasion Robin hits you from afar with a spear.
* * * LOW HITPOINT WARNING * * *
Robin zaps a wand.
The puff of flame hits you!
Put on which piece of jewellery? (? for menu, Esc to quit)
e - a +4 ring of evasion (left branch) Robin hits you but does no damage.
Wield which item (- for none, * to show all)? (? for menu, Esc to quit)
Okay, then.
You aren't carrying any potions.
Unknown command.
Firing (i - inventory): No suitable missiles.
Press: ? - help, Shift-Dir - straight line, f - Robin
Aim: Robin, wielding a spear, wearing an animal skin, wearing a helmet and carrying a wand of flame (11) (fast)
Okay, then.
Robin is nearby!
Robin zaps a wand.
The puff of flame misses you.
Robin zaps a wand.
The puff of flame hits you!
You die...

##..##.......# #.
#..##.##[##.# #.
###..##.#..##.# # #.
.....##...††..# ###.#.
#.##.##.#.....# ...#.
#....##.#.###.# ####...
#.##.##.#.....#
#....g)###.##..†.......#
#......♣)..##.##.#.#####
####.#####.##.##.#.#
................#
.#########.###### #.#
#.# #.# ###


You could see Robin.

Vanquished Creatures
  An adder (D:2)
  5 dart slugs
  A leopard gecko (D:1)
  2 giant cockroaches
  12 goblins
  4 hobgoblins
  2 jackals (D:2)
  4 kobolds
  A quokka (D:2)
  A bat (D:2)
  2 rats (D:2)
35 creatures vanquished.

Notes
Turn   | Place    | Note
-------+----------+-------------------------------------------
     0 | D:1      | xccam the Formicid Fighter began the quest for the Orb.
     0 | D:1      | Reached XP level 1. HP: 18/18 MP: 1/1
    79 | D:1      | Reached XP level 2. HP: 20/24 MP: 2/2
   143 | D:1      | Reached skill level 4 in Shields
   341 | D:1      | Reached XP level 3. HP: 23/29 MP: 3/3
   564 | D:2      | Found a glowing golden altar of the Shining One.
   566 | D:2      | Noticed an angel
   580 | D:2      | Found a basalt altar of Yredelemnul.
   582 | D:2      | Noticed a profane servitor
   659 | D:2      | Reached XP level 4. HP: 34/35 MP: 4/4
   686 | D:2      | Noticed Robin
   715 | D:2      | Killed from afar by Robin

Skill      XL: |  1  2  3 |
---------------+----------+-----
Shields        | 4 |  4.8
Long Blades    | 3 |  3.2
Fighting       | |  3.2
Armour         | |  3.2

Action                   |  1- 3 |  4- 6 || total
-------------------------+-------+-------++-------
Melee: Long sword        |    80 |    31 ||   111
  Use: Potion            |       |     4 ||     4
       Scroll            |       |     1 ||     1
Armor: Scale mail        |    35 |    17 ||    52
       Skin              |       |    32 ||    32
Dodge: Dodged            |    20 |    13 ||    33
Block: Shield            |    52 |    29 ||    81
       Rpst.: Long sword |     6 |     1 ||     7
